TOP OF THE 1ST |
Pocatello Boccabellas batting - Pitching for Springfield Stars : LHP José López
|
Pitching: LHP José López
|
|
Batting: RHB José Delgado
|
0-0: Ball 1-0: Called Strike 1-1: Ground out 6-3 (Groundball, 6)
|
Batting: LHB Norberto Muńóz
|
0-0: Called Strike 0-1: Bunt missed! 0-2: Ground out U3 (Groundball, 3)
|
Batting: RHB Marlon Phipps
|
0-0: DOUBLE (Line Drive, 5D)
|
Batting: LHB Juan Cortés
|
0-0: SINGLE (Groundball, 6MD) Marlon Phipps to third Runner from 3rd tries for Home, SAFE, throw made home Juan Cortés to second
|
Batting: RHB Francisco Sandoval
|
0-0: Called Strike 0-1: Swinging Strike 0-2: Ball 1-2: Strikes out swinging
|
Top of the 1st over - 1 run(s), 2 hit(s), 0 error(s), 1 left on base; Pocatello 1 - Springfield 0 |
BOTTOM OF THE 1ST |
Springfield Stars batting - Pitching for Pocatello Boccabellas : LHP Osvaldo Cruz
|
Pitching: LHP Osvaldo Cruz
|
|
Batting: RHB Norberto Taváres
|
0-0: Ball 1-0: Foul Ball, location: 2F 1-1: Foul Ball, location: 2F 1-2: Foul Ball, location: 2F 1-2: Foul Ball, location: 2F 1-2: Ball 2-2: Ball 3-2: Ground out 4-3 (Groundball, 4M)
|
Batting: RHB Calvin Bennett
|
0-0: Called Strike 0-1: Foul Ball, location: 2F 0-2: Foul Ball, location: 2F 0-2: Ground out 6-3 (Groundball, 6M)
|
Batting: LHB Derek Davidson
|
0-0: Ball 1-0: Called Strike 1-1: Swinging Strike 1-2: Ball 2-2: Strikes out swinging
|
Bottom of the 1st over - 0 run(s), 0 hit(s), 0 error(s), 0 left on base; Pocatello 1 - Springfield 0 |
TOP OF THE 2ND |
Pocatello Boccabellas batting - Pitching for Springfield Stars : LHP José López
|
Batting: RHB Pedro Guzmán
|
0-0: Called Strike 0-1: Foul Ball, location: 2F 0-2: Ball 1-2: Ground out 6-3 (Groundball, 6)
|
Batting: SHB Glenn Vadnais
|
0-0: Called Strike 0-1: Ball 1-1: Ball 2-1: Ball 3-1: Called Strike 3-2: Foul Ball, location: 2F 3-2: Foul Ball, location: 2F 3-2: Foul Ball, location: 2F 3-2: Foul Ball, location: 2F 3-2: Foul Ball, location: 2F 3-2: SINGLE (Groundball, 4MD)
|
Batting: SHB Guillermo Ortíz
|
0-0: Grounds into double play, 1-4-3 (Groundball, 13)
|
Top of the 2nd over - 0 run(s), 1 hit(s), 0 error(s), 0 left on base; Pocatello 1 - Springfield 0 |
BOTTOM OF THE 2ND |
Springfield Stars batting - Pitching for Pocatello Boccabellas : LHP Osvaldo Cruz
|
Batting: LHB Elliott Newell
|
0-0: DOUBLE (Line Drive, 8LD)
|
Batting: RHB Juan Rodríguez
|
0-0: Ball 1-0: Called Strike 1-1: DOUBLE (Line Drive, 78D) Elliott Newell scores
|
Batting: RHB Juan Carlos Rodríguez
|
0-0: Ball 1-0: Foul Ball, location: 2F 1-1: Ball 2-1: Ball 3-1: Ground out 6-3 (Groundball, 6)
|
Batting: SHB Shane Hutchinson
|
0-0: Ground out 5-3 (Groundball, 5S) Juan Rodríguez to third
|
Batting: RHB Alberto Campos
|
0-0: Called Strike 0-1: Fly out, F8 (Flyball, 8LS)
|
Bottom of the 2nd over - 1 run(s), 2 hit(s), 0 error(s), 1 left on base; Pocatello 1 - Springfield 1 |
TOP OF THE 3RD |
Pocatello Boccabellas batting - Pitching for Springfield Stars : LHP José López
|
Batting: LHB Jim Jensen
|
0-0: Fly out, F9 (Line Drive, 9M)
|
Batting: RHB José Delgado
|
0-0: Ball 1-0: Ball 2-0: Called Strike 2-1: Ball 3-1: Base on Balls
|
Batting: LHB Norberto Muńóz
|
0-0: Called Strike 0-1: Ball 1-1: Ball 2-1: Grounds into double play, 4-6-3 (Groundball, 4)
|
Top of the 3rd over - 0 run(s), 0 hit(s), 0 error(s), 0 left on base; Pocatello 1 - Springfield 1 |
BOTTOM OF THE 3RD |
Springfield Stars batting - Pitching for Pocatello Boccabellas : LHP Osvaldo Cruz
|
Batting: LHB Jesús Tobías
|
0-0: Ball 1-0: Swinging Strike 1-1: Foul Ball, location: 2F 1-2: Foul Ball, location: 2F 1-2: Ground out 4-3 (Groundball, 4)
|
Batting: RHB Norberto Taváres
|
0-0: Called Strike 0-1: Ball 1-1: Foul Ball, location: 2F 1-2: Ball 2-2: DOUBLE (Flyball, 89M)
|
Batting: RHB Calvin Bennett
|
0-0: Ball 1-0: Ball 2-0: Called Strike 2-1: Called Strike Norberto Taváres is caught stealing 3rd base 2-2: Fly out, F8 (Line Drive, 8LS)
|
Bottom of the 3rd over - 0 run(s), 1 hit(s), 0 error(s), 0 left on base; Pocatello 1 - Springfield 1 |
TOP OF THE 4TH |
Pocatello Boccabellas batting - Pitching for Springfield Stars : LHP José López
|
Batting: RHB Marlon Phipps
|
0-0: Ball 1-0: Ball 2-0: Ball 3-0: Base on Balls
|
Batting: LHB Juan Cortés
|
0-0: Called Strike 0-1: Foul Ball, location: 2F 0-2: Strikes out swinging
|
Batting: RHB Francisco Sandoval
|
0-0: Foul Ball, location: 2F 0-1: Ball 1-1: Foul Ball, location: 2F 1-2: Grounds into double play, 6-4-3 (Groundball, 6)
|
Top of the 4th over - 0 run(s), 0 hit(s), 0 error(s), 0 left on base; Pocatello 1 - Springfield 1 |
BOTTOM OF THE 4TH |
Springfield Stars batting - Pitching for Pocatello Boccabellas : LHP Osvaldo Cruz
|
Batting: LHB Derek Davidson
|
0-0: Called Strike 0-1: Ball 1-1: Called Strike 1-2: Foul Ball, location: 2F 1-2: Ball 2-2: Strikes out looking
|
Batting: LHB Elliott Newell
|
0-0: Fly out, F6 (Line Drive, 6)
|
Batting: RHB Juan Rodríguez
|
0-0: Ball 1-0: Foul Ball, location: 2F 1-1: SINGLE (Line Drive, 5D)
|
Batting: RHB Juan Carlos Rodríguez
|
0-0: Ground out 6-3 (Groundball, 6)
|
Bottom of the 4th over - 0 run(s), 1 hit(s), 0 error(s), 1 left on base; Pocatello 1 - Springfield 1 |
TOP OF THE 5TH |
Pocatello Boccabellas batting - Pitching for Springfield Stars : LHP José López
|
Batting: RHB Pedro Guzmán
|
0-0: Ball 1-0: Called Strike 1-1: Ball 2-1: Ball 3-1: Base on Balls
|
Batting: SHB Glenn Vadnais
|
0-0: Ball 1-0: Foul Ball, location: 2F 1-1: Foul Ball, location: 2F 1-2: Strikes out swinging
|
Batting: SHB Guillermo Ortíz
|
0-0: Ball 1-0: Called Strike 1-1: Called Strike 1-2: Ball 2-2: Ground out 5-3 (Groundball, 5) Pedro Guzmán to second
|
Batting: LHB Jim Jensen
|
0-0: Called Strike 0-1: Called Strike 0-2: Ball 1-2: Foul Ball, location: 2F 1-2: Fly out, F9 (Flyball, 9M)
|
Top of the 5th over - 0 run(s), 0 hit(s), 0 error(s), 1 left on base; Pocatello 1 - Springfield 1 |
BOTTOM OF THE 5TH |
Springfield Stars batting - Pitching for Pocatello Boccabellas : LHP Osvaldo Cruz
|
Batting: SHB Shane Hutchinson
|
0-0: Called Strike 0-1: Swinging Strike 0-2: Strikes out swinging
|
Batting: RHB Alberto Campos
|
0-0: DOUBLE (Flyball, 8RD) - OUT at third base trying to stretch hit.
|
Batting: LHB Jesús Tobías
|
0-0: SINGLE (Groundball, 34)
|
Batting: RHB Norberto Taváres
|
0-0: Ball 1-0: Foul Ball, location: 2F 1-1: Swinging Strike 1-2: Ground out 1-3 (Groundball, 13)
|
Bottom of the 5th over - 0 run(s), 2 hit(s), 0 error(s), 1 left on base; Pocatello 1 - Springfield 1 |
TOP OF THE 6TH |
Pocatello Boccabellas batting - Pitching for Springfield Stars : LHP José López
|
Batting: RHB José Delgado
|
0-0: Called Strike 0-1: Swinging Strike 0-2: Ball 1-2: SINGLE (Groundball, 6MD)
|
Batting: LHB Norberto Muńóz
|
0-0: Called Strike 0-1: Called Strike 0-2: Ball 1-2: Strikes out looking
|
Batting: RHB Marlon Phipps
|
0-0: Ball 1-0: Called Strike 1-1: Swinging Strike 1-2: Ball 2-2: Fly out, F7 (Flyball, 78D) Runner from 1st tags up, SAFE at 2nd
|
Batting: LHB Juan Cortés
|
0-0: Ball 1-0: Ground out 4-3 (Groundball, 4)
|
Top of the 6th over - 0 run(s), 1 hit(s), 0 error(s), 1 left on base; Pocatello 1 - Springfield 1 |
BOTTOM OF THE 6TH |
Springfield Stars batting - Pitching for Pocatello Boccabellas : LHP Osvaldo Cruz
|
Batting: RHB Calvin Bennett
|
0-0: Called Strike 0-1: Called Strike 0-2: Foul Ball, location: 2F 0-2: Ball 1-2: Ball 2-2: SINGLE (Line Drive, 9S)
|
Batting: LHB Derek Davidson
|
0-0: Ball 1-0: Called Strike 1-1: Fly out, F5 (Popup, 5F)
|
Batting: LHB Elliott Newell
|
0-0: Called Strike 0-1: Ball 1-1: Foul Ball, location: 2F 1-2: Ball 2-2: Strikes out swinging
|
Batting: RHB Juan Rodríguez
|
0-0: Ball 1-0: Ball 2-0: Foul Ball, location: 2F 2-1: Ball 3-1: Called Strike 3-2: Base on Balls Calvin Bennett to second
|
Batting: RHB Juan Carlos Rodríguez
|
0-0: Foul Ball, location: 2F 0-1: DOUBLE (Line Drive, 78XD) Calvin Bennett scores Juan Rodríguez to third Runner from 3rd tries for Home, SAFE, no throw or cutoff
|
Batting: SHB Shane Hutchinson
|
0-0: Ball 1-0: DOUBLE (Flyball, 89XD) Juan Carlos Rodríguez scores
|
Batting: RHB Alberto Campos
|
0-0: Called Strike 0-1: Swinging Strike 0-2: Foul Ball, location: 2F 0-2: Foul Ball, location: 2F 0-2: Ball 1-2: Ball 2-2: Ball 3-2: Strikes out swinging
|
Bottom of the 6th over - 3 run(s), 3 hit(s), 0 error(s), 1 left on base; Pocatello 1 - Springfield 4 |
TOP OF THE 7TH |
Pocatello Boccabellas batting - Pitching for Springfield Stars : LHP José López
|
Batting: RHB Francisco Sandoval
|
0-0: Foul Ball, location: 2F 0-1: Ball 1-1: Ground out 1-3 (Groundball, 15S)
|
Batting: RHB Pedro Guzmán
|
0-0: Ball 1-0: Called Strike 1-1: Ball 2-1: Foul Ball, location: 2F 2-2: Strikes out swinging
|
Batting: SHB Glenn Vadnais
|
0-0: Foul Ball, location: 2F 0-1: Foul Ball, location: 2F 0-2: Ball 1-2: Strikes out looking
|
Top of the 7th over - 0 run(s), 0 hit(s), 0 error(s), 0 left on base; Pocatello 1 - Springfield 4 |
BOTTOM OF THE 7TH |
Springfield Stars batting - Pitching for Pocatello Boccabellas : LHP Osvaldo Cruz
|
Batting: LHB Jesús Tobías
|
0-0: Ball 1-0: Ground out 4-3 (Groundball, 4)
|
Batting: RHB Norberto Taváres
|
0-0: Called Strike 0-1: Ball 1-1: Ball 2-1: Ball 3-1: Base on Balls
|
Batting: RHB Calvin Bennett
|
0-0: Foul Ball, location: 2F 0-1: Swinging Strike 0-2: Foul Ball, location: 2F 0-2: Ball 1-2: Grounds into double play, 5-4-3 (Groundball, 5)
|
Bottom of the 7th over - 0 run(s), 0 hit(s), 0 error(s), 0 left on base; Pocatello 1 - Springfield 4 |
TOP OF THE 8TH |
Pocatello Boccabellas batting - Pitching for Springfield Stars : LHP José López
|
Batting: SHB Guillermo Ortíz
|
0-0: Ball 1-0: Ball 2-0: SINGLE (Groundball, 25) (infield hit)
|
Pitching: RHP Jorge Delgado
|
|
Batting: LHB Jim Jensen
|
0-0: Ball 1-0: Swinging Strike 1-1: Ball 2-1: Swinging Strike 2-2: Foul Ball, location: 2F 2-2: Strikes out swinging
|
Pitching: RHP Luis Cortéz
|
|
Batting: RHB José Delgado
|
0-0: Ball 1-0: Foul Ball, location: 2F 1-1: Ball 2-1: SINGLE (Groundball, 3D) (infield hit) Guillermo Ortíz to second
|
Pitching: LHP Jorge Aybar
|
|
Batting: LHB Norberto Muńóz
|
0-0: Ball 1-0: Called Strike 1-1: Foul Ball, location: 2F 1-2: SINGLE (Flyball, 9S) Guillermo Ortíz to third José Delgado to second Runner from 3rd tries for Home, SAFE, throw made home José Delgado to third Norberto Muńóz to second
|
Pitching: RHP Ramón Vélez
|
|
Batting: RHB Marlon Phipps
|
0-0: Called Strike 0-1: Called Strike 0-2: Strikes out swinging
|
Batting: LHB Juan Cortés
|
0-0: 3-RUN HOME RUN (Flyball, 9D), Distance : 400 ft
|
Batting: RHB Francisco Sandoval
|
0-0: Called Strike 0-1: Ball 1-1: Called Strike 1-2: Strikes out swinging
|
Top of the 8th over - 4 run(s), 4 hit(s), 0 error(s), 0 left on base; Pocatello 5 - Springfield 4 |
BOTTOM OF THE 8TH |
Springfield Stars batting - Pitching for Pocatello Boccabellas : LHP Osvaldo Cruz
|
Pitching: RHP Jesse Moser
|
|
Batting: LHB Derek Davidson
|
0-0: Ball 1-0: Called Strike 1-1: Swinging Strike 1-2: Ball 2-2: Foul Ball, location: 2F 2-2: Foul Ball, location: 2F 2-2: Foul Ball, location: 2F 2-2: Ball 3-2: Ground out 1-3 (Groundball, 15)
|
Pitching: RHP César Martínez
|
|
Batting: LHB Elliott Newell
|
0-0: Called Strike 0-1: Ball 1-1: Ground out 4-3 (Groundball, 4)
|
Pitching: RHP Jaime Espinoza
|
|
Batting: RHB Juan Rodríguez
|
0-0: Foul Ball, location: 2F 0-1: Ground out 1-3 (Groundball, 13)
|
Bottom of the 8th over - 0 run(s), 0 hit(s), 0 error(s), 0 left on base; Pocatello 5 - Springfield 4 |
TOP OF THE 9TH |
Pocatello Boccabellas batting - Pitching for Springfield Stars : RHP Ramón Vélez
|
Batting: RHB Pedro Guzmán
|
0-0: Ground out 5-3 (Groundball, 5S)
|
Batting: SHB Glenn Vadnais
|
0-0: Foul Ball, location: 2F 0-1: Ground out 1-3 (Groundball, 13)
|
Batting: SHB Guillermo Ortíz
|
0-0: Called Strike 0-1: Ball 1-1: Ball 2-1: Foul Ball, location: 2F 2-2: Ball 3-2: Base on Balls
|
Batting: LHB Jim Jensen
|
0-0: Ball 1-0: Ball 2-0: SINGLE (Groundball, 4MD) Guillermo Ortíz to second
|
Pitching: LHP Jeremy Meyer
|
|
Pinch Runner at 2nd David Monahan:
|
|
Batting: RHB José Delgado
|
0-0: Ball 1-0: Swinging Strike 1-1: Ball 2-1: Called Strike 2-2: Ball 3-2: Fly out, F8 (Flyball, 8LD)
|
Top of the 9th over - 0 run(s), 1 hit(s), 0 error(s), 2 left on base; Pocatello 5 - Springfield 4 |
BOTTOM OF THE 9TH |
Springfield Stars batting - Pitching for Pocatello Boccabellas : RHP Jaime Espinoza
|
Pitching: RHP Adrián Martínez
|
|
Now at C: Carl Bryant
|
|
Batting: RHB Juan Carlos Rodríguez
|
0-0: Called Strike 0-1: SINGLE (Line Drive, 8LS)
|
Pinch Runner at 1st Martín Medina:
|
|
Batting: SHB Shane Hutchinson
|
0-0: Called Strike Martín Medina steals 2nd base 0-1: Ball 1-1: Ball Martín Medina is caught stealing 3rd base 2-1: Called Strike 2-2: Strikes out swinging
|
Batting: RHB Alberto Campos
|
0-0: Ball 1-0: Swinging Strike 1-1: Foul Ball, location: 2F 1-2: Ball 2-2: Foul Ball, location: 2F 2-2: Foul Ball, location: 2F 2-2: Ball 3-2: Base on Balls
|
Batting: LHB Jesús Tobías
|
0-0: Ball 1-0: Foul Ball, location: 2F 1-1: SINGLE (Line Drive, 89S) Alberto Campos to second
|
Batting: RHB Norberto Taváres
|
0-0: Ball 1-0: Ball 2-0: Called Strike 2-1: Called Strike 2-2: Strikes out looking
|
Bottom of the 9th over - 0 run(s), 2 hit(s), 0 error(s), 2 left on base; Pocatello 5 - Springfield 4 |
|